 Dungeon Crawl Stone Soup version 0.21.1-1-g345015fe64 (webtiles) character file.

684 nastymanza the Slasher (level 7, -4/61 HPs)
             Began as a Hill Orc Fighter on June 1, 2018.
             Slain by an ogre
             ... wielding a +0 giant club
              (24 damage)
             ... on level 5 of the Dungeon.
             The game lasted 00:24:06 (3326 turns).

nastymanza the Slasher (Hill Orc Fighter)           Turns: 3326, Time: 00:24:07

Health: -4/61      AC: 13    Str: 21    XL:     7   Next: 62%
Magic:  16/16      EV:  4    Int:  8    God:
Gold:   189        SH: 10    Dex: 10    Spells: 6/6 levels left

rFire    . . .     SeeInvis .   a - +0 long sword
rCold    . . .     Gourm    .   c - +0 shield
rNeg     . . .     Faith    .   g - +1 plate armour
rPois    .         Spirit   .   (no helmet)
rElec    .         Reflect  .   (no cloak)
rCorr    .         Harm     .   (no gloves)
MR       .....                  (no boots)
Stlth    ..........             (no amulet)
HPRegen  0.20/turn              v - ring of magical power
MPRegen  0.15/turn              (no ring)

@: no status effects
A: no striking features
a: no special abilities


You were on level 5 of the Dungeon.
You were not hungry.

You visited 1 branch of the dungeon, and saw 5 of its levels.

You collected 189 gold pieces.

Inventory:

Hand Weapons
 a - a +0 long sword (weapon)
 h - a +0 dagger
 i - a +0 club
 j - a +0 dagger
 u - a +0 hunting sling of velocity
Missiles
 m - 34 arrows
 q - 113 stones (quivered)
 t - 69 sling bullets
Armour
 b - a +0 scale mail
 c - a +0 shield (worn)
 g - a +1 plate armour (worn)
 l - a +0 leather armour
 r - a +0 scale mail
Jewellery
 v - a ring of magical power (left hand)
Wands
 s - a wand of flame (12)
 z - a wand of polymorph (15)
 A - a wand of random effects (26)
Scrolls
 k - a scroll of immolation {unknown}
 n - 3 scrolls of teleportation
 o - a scroll of fear {unknown}
 p - 2 scrolls of enchant armour
 y - 2 scrolls of identify {unknown}
Potions
 e - a potion of curing
 w - a potion of degeneration {unknown}
 x - a potion of mutation {unknown}


   Skills:
 + Level 5.1 Fighting
 + Level 5.8 Long Blades
 + Level 5.2 Armour
 + Level 0.3 Dodging
 + Level 5.5 Shields


You had 6 spell levels left.
You didn't know any spells.

Dungeon Overview and Level Annotations

Branches:
Dungeon (5/15)             Temple (0/1) D:4

Altars:
Fedhas
Gozag
Hepliaklqana
Sif Muna
Uskayaw
Xom


Message History

The ogre is lightly wounded.
The ogre hits you with a giant club!
You hit the ogre.
The ogre is moderately wounded.
The ogre completely misses you.
You hit the ogre.
The ogre is moderately wounded.
Your plate armour prevents you from hitting the ogre.
The ogre is moderately wounded.
You block the ogre's attack.
You hit the ogre.
The ogre is heavily wounded.
The ogre hits you with a giant club!
You hit the ogre.
The ogre is severely wounded.
The ogre hits you with a giant club!
You hit the ogre.
The ogre is almost dead.
The ogre hits you with a giant club!!
You die...

...#...... .......
......#... .......
#.....# ....... .##
#.....# #.....
..###..#... #.....##
..##..#.#. #......#
#.##..#.##
..##...O#######.##..#.##
#......@......#..#..#...
#######...###.........##
######.....#..........#
#......................
..####...#.............
##....#...........
##................
##.....#...........
#.......##....#....


You could see an ogre.

Vanquished Creatures
  Sigmund (D:4)
  A phantom (D:2)
  A centaur (D:5)
  2 crimson imps
  2 centaur skeletons
  A jelly (D:5)
  2 orc wizards
  Ijyb (D:4)
  Robin (D:4)
  4 adders
  2 oozes (D:1)
  An adder zombie (D:4)
  A worm (D:2)
  2 dart slugs
  2 leopard geckos
  7 orcs
  3 giant cockroaches
  5 goblins
  10 hobgoblins
  A quokka (D:3)
  4 bats
  4 frilled lizards
  3 kobolds
  2 rats
63 creatures vanquished.

Notes
Turn   | Place    | Note
-------+----------+-------------------------------------------
     0 | D:1      | nastymanza the Hill Orc Fighter began the quest for the Orb.
     0 | D:1      | Reached XP level 1. HP: 19/19 MP: 1/1
    29 | D:1      | Reached XP level 2. HP: 27/27 MP: 2/2
    36 | D:1      | :
   482 | D:1      | Reached XP level 3. HP: 33/33 MP: 3/3
   881 | D:2      | Noticed a phantom
   923 | D:2      | Killed a phantom
   923 | D:2      | Reached XP level 4. HP: 27/40 MP: 4/4
   923 | D:2      | Reached XP level 5. HP: 31/46 MP: 5/5
  1813 | D:3      | Found a shimmering altar of Xom.
  1813 | D:3      | Found a blossoming altar of Fedhas.
  1821 | D:3      | Found a deep blue altar of Sif Muna.
  1830 | D:3      | Found a hide-covered altar of Uskayaw.
  1832 | D:3      | Found a hazy altar of Hepliaklqana.
  2516 | D:4      | Found an opulent altar of Gozag.
  2543 | D:4      | Noticed Robin
  2555 | D:4      | Reached XP level 6. HP: 49/53 MP: 6/6
  2569 | D:4      | Killed Robin
  2592 | D:4      | Noticed Ijyb
  2723 | D:4      | Killed Ijyb
  2987 | D:4      | Found a staircase to the Ecumenical Temple.
  2990 | D:4      | Noticed Sigmund
  3054 | D:4      | Killed Sigmund
  3054 | D:4      | Reached skill level 5 in Long Blades
  3054 | D:4      | Reached skill level 5 in Shields
  3054 | D:4      | Reached XP level 7. HP: 38/60 MP: 7/7
  3093 | D:5      | Entered Level 5 of the Dungeon
  3209 | D:5      | Reached skill level 5 in Fighting
  3209 | D:5      | Reached skill level 5 in Armour
  3326 | D:5      | Slain by an ogre

Skill      XL: |  1  2  3  4  5  6  7 |
---------------+----------------------+-----
Fighting       | 4 5 |  5.1
Long Blades    | 3 4 5 |  5.8
Shields        | 4 5 |  5.5
Armour         | 4 5 |  5.2
Dodging        | |  0.3

Action                   |  1- 3 |  4- 6 |  7- 9 || total
-------------------------+-------+-------+-------++-------
Melee: Long sword        |    70 |   167 |    85 ||   322
       Hunting sling     |     1 |       |       ||     1
  Use: Potion            |       |     4 |     2 ||     6
       Scroll            |       |     3 |       ||     3
  Eat: Ration            |       |     2 |     1 ||     3
Armor: Scale mail        |     5 |       |       ||     5
       Plate armour      |    83 |   152 |    60 ||   295
Dodge: Dodged            |    28 |    37 |    14 ||    79
Block: Shield            |    82 |    94 |    29 ||   205
       Rpst.: Long sword |     6 |    10 |     3 ||    19
